ESL (28 & UNDER)
BUTLER WHITE SOX @ INTERCOURSE AMISH
08/16/2030
 
TOP OF THE 1ST
Butler White Sox batting - Pitching for Intercourse Amish : LHP Kelly Shaw
Pitching: LHP Kelly Shaw
Batting: RHB Luis Fuentes 0-0: Called Strike
0-1: Swinging Strike
0-2: Ball
1-2: Foul Ball, location: 2F
1-2: Ball
2-2: Ball
3-2: Strikes out looking
Batting: LHB Josh Pérez 0-0: Ball
1-0: Ball
2-0: Foul Ball, location: 2F
2-1: SINGLE (Line Drive, 4MD)
Batting: RHB Miguel Sánchez 0-0: Ball
1-0: Called Strike
1-1: Ball
2-1: Ground out U3 (Groundball, 34S)
Josh Pérez to second
Batting: RHB Bobby Murdock 0-0: Called Strike
0-1: Ball
1-1: Ball
2-1: Called Strike
2-2: Ball
3-2: Foul Ball, location: 2F
3-2: Foul Ball, location: 2F
3-2: Foul Ball, location: 2F
3-2: SINGLE (Groundball, 56D)
Josh Pérez to third
Josh Pérez scores
Batting: LHB Denny Allen 0-0: Ball
1-0: Swinging Strike
1-1: Ball
2-1: Ball
3-1: Called Strike
3-2: SINGLE (Line Drive, 9S)
Bobby Murdock to second
Bobby Murdock to third
Batting: LHB Thomas Dixon 0-0: Ball
1-0: Called Strike
1-1: Fly out, F8 (Line Drive, 8LM)
Top of the 1st over - 1 run, 3 hits, 0 errors, 2 left on base; Butler 1 - Intercourse 0
BOTTOM OF THE 1ST
Intercourse Amish batting - Pitching for Butler White Sox : LHP Dexter Browning
Pitching: LHP Dexter Browning
Batting: LHB Carlos De La Rosa 0-0: Ball
1-0: Called Strike
1-1: Foul Ball, location: 2F
1-2: SINGLE (Line Drive, 9S)
Batting: RHB Brian Stewart 0-0: Called Strike
Carlos De La Rosa steals 2nd base
0-1: SINGLE (Flyball, 4MD)
Carlos De La Rosa to third
Batting: RHB Gustavo Rodríguez 0-0: Ball
1-0: Ball
2-0: Ball
3-0: Called Strike
3-1: Called Strike
3-2: Base on Balls
Brian Stewart to second
Batting: RHB Frank Maxwell 0-0: Fly out, F8 (Flyball, 8LS)
Runner from 3rd tags up, SCORES, no throw
Batting: SHB Sean Moody 0-0: Called Strike
0-1: Foul Ball, location: 2F
0-2: DOUBLE (Flyball, 8RXD)
Brian Stewart scores
Gustavo Rodríguez to third
Batting: RHB Holden Davis 0-0: Ball
1-0: Ball
2-0: Called Strike
2-1: SINGLE (Groundball, 6MD)
Gustavo Rodríguez scores
Sean Moody to third
Batting: RHB Esteban Ayala 0-0: Called Strike
0-1: Foul Ball, location: 2F
0-2: Fielders Choice at 2nd, 5-4 (Groundball, 5)
Sean Moody scores
Batting: RHB Bob Carr 0-0: Reached on error, E4 (Groundball, 34D)
Esteban Ayala to second
Batting: LHB Bruce Foster 0-0: Called Strike
0-1: Foul Ball, location: 2F
0-2: Ball
1-2: SINGLE (Groundball, 6D)
Esteban Ayala to third
Bob Carr to second
Runner from 3rd tries for Home, SAFE, no throw
Batting: LHB Carlos De La Rosa 0-0: Foul Ball, location: 2F
0-1: Foul Ball, location: 2F
0-2: Ball
1-2: Ball
2-2: Foul Ball, location: 2F
2-2: Strikes out looking
Bottom of the 1st over - 5 runs, 5 hits, 1 error, 2 left on base; Butler 1 - Intercourse 5
TOP OF THE 2ND
Butler White Sox batting - Pitching for Intercourse Amish : LHP Kelly Shaw
Batting: RHB James Richardson 0-0: Ball
1-0: SINGLE (Groundball, 34D)
Batting: LHB Gabriel Flores 0-0: Ball
1-0: Swinging Strike
1-1: Ball
2-1: Ball
3-1: Fly out, F4 (Popup, 4)
Batting: RHB Ramón Maldonado 0-0: Called Strike
0-1: Ball
1-1: Ball
2-1: Fielders Choice at 2nd, 1-4 (Groundball, 15S)
Batting: RHB Luis Fuentes 0-0: Ball
1-0: Ground out 4-3 (Groundball, 4MD)
Top of the 2nd over - 0 runs, 1 hit, 0 errors, 1 left on base; Butler 1 - Intercourse 5
BOTTOM OF THE 2ND
Intercourse Amish batting - Pitching for Butler White Sox : LHP Dexter Browning
Batting: RHB Brian Stewart 0-0: Ball
1-0: Swinging Strike
1-1: Foul Ball, location: 2F
1-2: Ball
2-2: Foul Ball, location: 2F
2-2: Ball
3-2: Ground out 4-3 (Groundball, 4MS)
Batting: RHB Gustavo Rodríguez 0-0: Ball
1-0: Ball
2-0: Called Strike
2-1: Called Strike
2-2: SINGLE (Groundball, 6MD)
Batting: RHB Frank Maxwell 0-0: Grounds into double play, 6-4-3 (Groundball, 6M)
Bottom of the 2nd over - 0 runs, 1 hit, 0 errors, 0 left on base; Butler 1 - Intercourse 5
TOP OF THE 3RD
Butler White Sox batting - Pitching for Intercourse Amish : LHP Kelly Shaw
Batting: LHB Josh Pérez 0-0: Called Strike
0-1: Foul Ball, location: 2F
0-2: Strikes out swinging
Batting: RHB Miguel Sánchez 0-0: Ball
1-0: Called Strike
1-1: Reached via error on a dropped throw, E1
Batting: RHB Bobby Murdock 0-0: 2-RUN HOME RUN (Flyball, 7D), Distance : 387 ft
Batting: LHB Denny Allen 0-0: Ball
1-0: Foul Ball, location: 2F
1-1: Ball
2-1: SINGLE (Line Drive, 7S)
Batting: LHB Thomas Dixon 0-0: Ball
1-0: Ball
2-0: Foul Ball, location: 2F
2-1: Ball
3-1: SINGLE (Groundball, 56D)
Denny Allen to second
Batting: RHB James Richardson 0-0: Swinging Strike
0-1: Ball
Wild Pitch!
Denny Allen to third
Thomas Dixon to second
1-1: Ball
2-1: Called Strike
2-2: Strikes out swinging
Batting: LHB Gabriel Flores 0-0: Foul Ball, location: 2F
0-1: Ball
1-1: Ball
2-1: Foul Ball, location: 2F
2-2: Foul Ball, location: 2F
2-2: Strikes out looking
Top of the 3rd over - 2 runs, 3 hits, 1 error, 2 left on base; Butler 3 - Intercourse 5
BOTTOM OF THE 3RD
Intercourse Amish batting - Pitching for Butler White Sox : LHP Dexter Browning
Batting: SHB Sean Moody 0-0: Ball
1-0: Called Strike
1-1: Ball
2-1: Ball
3-1: Base on Balls
Batting: RHB Holden Davis 0-0: Foul Ball, location: 2F
0-1: SINGLE (Line Drive, 7S)
Sean Moody to second
Batting: RHB Esteban Ayala 0-0: Ball
1-0: Ball
2-0: Called Strike
2-1: Ball
3-1: Base on Balls
Sean Moody to third
Holden Davis to second
Batting: RHB Bob Carr 0-0: DOUBLE (Line Drive, 8LD)
Sean Moody scores
Holden Davis scores
Esteban Ayala to third
Pitching: LHP Luis Torres
Batting: LHB Bruce Foster 0-0: Swinging Strike
0-1: Called Strike
0-2: Ball
1-2: Foul Ball, location: 2F
1-2: Ball
2-2: Foul Ball, location: 2F
2-2: Ball
3-2: Base on Balls
Batting: LHB Carlos De La Rosa 0-0: Ball
1-0: Ball
2-0: SINGLE (Groundball, 34D)
Esteban Ayala scores
Bob Carr to third
Bruce Foster to second
Runner from 3rd tries for Home, SAFE, no throw
Batting: RHB Brian Stewart 0-0: Called Strike
0-1: Foul Ball, location: 2F
0-2: SINGLE (Groundball, 4D)
Bruce Foster to third
Carlos De La Rosa to second
Runner from 3rd tries for Home, SAFE, no throw
Batting: RHB Gustavo Rodríguez 0-0: Ball
1-0: Ball
2-0: Ball
3-0: Called Strike
3-1: Base on Balls
Carlos De La Rosa to third
Brian Stewart to second
Batting: RHB Frank Maxwell 0-0: Foul Ball, location: 2F
0-1: Ball
1-1: Called Strike
1-2: SINGLE (Line Drive, 6MD)
Carlos De La Rosa scores
Brian Stewart to third
Gustavo Rodríguez to second
Batting: SHB Sean Moody 0-0: Ball
1-0: Swinging Strike
1-1: Fielders Choice at 2nd, 4-6 (Groundball, 4)
Brian Stewart scores
Gustavo Rodríguez to third
Batting: RHB Holden Davis 0-0: Called Strike
0-1: Fly out, F8 (Line Drive, 78D)
Runner from 3rd tags up, SCORES, throw made
Batting: RHB Esteban Ayala 0-0: Called Strike
0-1: Ball
1-1: SINGLE (Line Drive, 4M)
Sean Moody to second
Batting: RHB Bob Carr 0-0: Ball
1-0: Ground out 5-3 (Groundball, 5S)
Bottom of the 3rd over - 8 runs, 6 hits, 0 errors, 2 left on base; Butler 3 - Intercourse 13
TOP OF THE 4TH
Butler White Sox batting - Pitching for Intercourse Amish : LHP Kelly Shaw
Batting: RHB Ramón Maldonado 0-0: Ball
1-0: Called Strike
1-1: Fly out, F7 (Flyball, 7S)
Batting: RHB Luis Fuentes 0-0: Ground out 4-3 (Groundball, 4)
Batting: LHB Josh Pérez 0-0: DOUBLE (Groundball, 3L)
Pitching: RHP Joe Bell
Batting: RHB Miguel Sánchez 0-0: Called Strike
0-1: Ball
1-1: Swinging Strike
1-2: DOUBLE (Groundball, 5L)
Josh Pérez scores
Batting: RHB Bobby Murdock 0-0: Ball
1-0: Ball
2-0: Ball
3-0: Base on Balls
Batting: LHB Denny Allen 0-0: Fly out, F5 (Popup, 56S)
Top of the 4th over - 1 run, 2 hits, 0 errors, 2 left on base; Butler 4 - Intercourse 13
BOTTOM OF THE 4TH
Intercourse Amish batting - Pitching for Butler White Sox : LHP Luis Torres
Batting: LHB Bruce Foster 0-0: Ball
1-0: Ball
2-0: Called Strike
2-1: Ball
3-1: Base on Balls
Batting: LHB Carlos De La Rosa 0-0: Fly out, F7 (Flyball, 7S)
Batting: RHB Brian Stewart 0-0: Ball
1-0: Foul Ball, location: 2F
1-1: Called Strike
1-2: Ball
2-2: Strikes out swinging
Batting: RHB Gustavo Rodríguez 0-0: Ball
1-0: Ball
2-0: Foul Ball, location: 2F
2-1: Foul Ball, location: 2F
2-2: Ball
3-2: 2-RUN HOME RUN (Line Drive, 8RXD), Distance : 428 ft
Batting: RHB Frank Maxwell 0-0: Ball
1-0: Ball
2-0: Ground out 5-3 (Groundball, 5)
Bottom of the 4th over - 2 runs, 1 hit, 0 errors, 0 left on base; Butler 4 - Intercourse 15
TOP OF THE 5TH
Butler White Sox batting - Pitching for Intercourse Amish : RHP Joe Bell
Batting: LHB Thomas Dixon 0-0: Ball
1-0: SINGLE (Line Drive, 4MD)
Batting: RHB James Richardson 0-0: Ground out 4-3 (Groundball, 4MS)
Thomas Dixon to second
Batting: LHB Gabriel Flores 0-0: Ball
1-0: Ball
2-0: Ball
3-0: Base on Balls
Batting: RHB Ramón Maldonado 0-0: Ball
1-0: Ball
2-0: Ball
3-0: Called Strike
3-1: Swinging Strike
3-2: Base on Balls
Thomas Dixon to third
Gabriel Flores to second
Batting: RHB Luis Fuentes 0-0: Foul Ball, location: 2F
0-1: Called Strike
0-2: Fielders Choice at 2nd, 6-4 (Groundball, 6)
Thomas Dixon scores
Gabriel Flores to third
Batting: LHB Josh Pérez 0-0: Ball
Luis Fuentes steals 2nd base
1-0: Ball
2-0: Ball
3-0: Called Strike
3-1: Base on Balls
Batting: RHB Miguel Sánchez 0-0: Ball
1-0: Ball
2-0: Foul Ball, location: 2F
2-1: Ball
3-1: Called Strike
3-2: Strikes out swinging
Top of the 5th over - 1 run, 1 hit, 0 errors, 3 left on base; Butler 5 - Intercourse 15
BOTTOM OF THE 5TH
Intercourse Amish batting - Pitching for Butler White Sox : LHP Luis Torres
Batting: SHB Sean Moody 0-0: Swinging Strike
0-1: Ball
1-1: Called Strike
1-2: Ball
2-2: Strikes out swinging
Batting: RHB Holden Davis 0-0: Ball
1-0: Ball
2-0: Called Strike
2-1: Ball
3-1: Ground out 6-3 (Groundball, 6)
Batting: RHB Esteban Ayala 0-0: Called Strike
0-1: Foul Ball, location: 2F
0-2: Ball
1-2: Ground out 5-3 (Groundball, 5L)
Bottom of the 5th over - 0 runs, 0 hits, 0 errors, 0 left on base; Butler 5 - Intercourse 15
TOP OF THE 6TH
Butler White Sox batting - Pitching for Intercourse Amish : RHP Joe Bell
Batting: RHB Bobby Murdock 0-0: Called Strike
0-1: DOUBLE (Flyball, 8RD) - OUT at third base trying to stretch hit.
Batting: LHB Denny Allen 0-0: Ball
1-0: Foul Ball, location: 2F
1-1: Swinging Strike
1-2: Strikes out looking
Batting: LHB Thomas Dixon 0-0: Called Strike
0-1: Foul Ball, location: 2F
0-2: Ball
1-2: SOLO HOME RUN (Flyball, 78XD), Distance : 418 ft
Batting: RHB James Richardson 0-0: Ball
1-0: Called Strike
1-1: Ball
2-1: Ball
3-1: Swinging Strike
3-2: Ground out U3 (Groundball, 34S)
Top of the 6th over - 1 run, 2 hits, 0 errors, 0 left on base; Butler 6 - Intercourse 15
BOTTOM OF THE 6TH
Intercourse Amish batting - Pitching for Butler White Sox : LHP Luis Torres
Pitching: RHP Edgardo Castillo
Batting: RHB Bob Carr 0-0: Called Strike
0-1: Ball
1-1: Foul Ball, location: 2F
1-2: Strikes out swinging
Batting: LHB Bruce Foster 0-0: Ball
1-0: Called Strike
1-1: Ground out 5-3 (Groundball, 5)
Batting: LHB Carlos De La Rosa 0-0: Ball
1-0: Fly out, F7 (Flyball, 78M)
Bottom of the 6th over - 0 runs, 0 hits, 0 errors, 0 left on base; Butler 6 - Intercourse 15
TOP OF THE 7TH
Butler White Sox batting - Pitching for Intercourse Amish : RHP Joe Bell
Batting: LHB Gabriel Flores 0-0: Called Strike
0-1: Ball
1-1: Foul Ball, location: 2F
1-2: SINGLE (Line Drive, 3)
Batting: RHB Ramón Maldonado 0-0: Ball
Gabriel Flores steals 2nd base
1-0: Foul Ball, location: 2F
1-1: Foul Ball, location: 2F
1-2: Ball
2-2: Ball
3-2: SINGLE (Groundball, 56D)
Gabriel Flores to third
Runner from 3rd tries for Home, SAFE, no throw
Pitching: RHP Colin Younger
Batting: RHB Luis Fuentes 0-0: Called Strike
0-1: Ball
1-1: Ball
2-1: Ball
Ramón Maldonado steals 2nd base
3-1: Called Strike
3-2: Foul Ball, location: 2F
3-2: SINGLE (Groundball, 34D)
Ramón Maldonado to third
Runner from 3rd tries for Home, SAFE, no throw
Batting: LHB Josh Pérez 0-0: Fielders Choice at 2nd, 6-4 (Groundball, 6)
Batting: RHB Miguel Sánchez 0-0: Ball
1-0: Ball
2-0: Swinging Strike
2-1: Called Strike
2-2: Strikes out swinging
Batting: RHB Bobby Murdock 0-0: Called Strike
0-1: Foul Ball, location: 2F
0-2: Strikes out looking
Top of the 7th over - 2 runs, 3 hits, 0 errors, 1 left on base; Butler 8 - Intercourse 15
BOTTOM OF THE 7TH
Intercourse Amish batting - Pitching for Butler White Sox : RHP Edgardo Castillo
Batting: RHB Brian Stewart 0-0: Swinging Strike
0-1: Ball
1-1: Ball
2-1: Ball
3-1: Foul Ball, location: 2F
3-2: Fly out, F7 (Flyball, 7)
Batting: RHB Gustavo Rodríguez 0-0: Called Strike
0-1: Ball
1-1: Swinging Strike
1-2: Ball
2-2: Ball
3-2: Base on Balls
Batting: RHB Frank Maxwell 0-0: Called Strike
0-1: Called Strike
0-2: Foul Ball, location: 2F
0-2: Ball
1-2: Ball
2-2: Ball
3-2: Fly out, F9 (Flyball, 89S)
Batting: SHB Sean Moody 0-0: Ball
1-0: Called Strike
1-1: Foul Ball, location: 2F
1-2: Foul Ball, location: 2F
1-2: Ball
2-2: Foul Ball, location: 2F
2-2: Ball
3-2: DOUBLE (Line Drive, 7D)
Gustavo Rodríguez to third
Gustavo Rodríguez scores
Batting: RHB Holden Davis 0-0: Called Strike
0-1: SINGLE (Groundball, 6MD)
Sean Moody to third
Runner from 3rd tries for Home, SAFE, no throw
Batting: RHB Esteban Ayala 0-0: Called Strike
0-1: Swinging Strike
0-2: Ball
1-2: Foul Ball, location: 2F
1-2: Strikes out swinging
Bottom of the 7th over - 2 runs, 2 hits, 0 errors, 1 left on base; Butler 8 - Intercourse 17
TOP OF THE 8TH
Butler White Sox batting - Pitching for Intercourse Amish : RHP Colin Younger
Batting: LHB Denny Allen 0-0: Foul Ball, location: 2F
0-1: Called Strike
0-2: Ball
1-2: Foul Ball, location: 2F
1-2: Strikes out looking
Batting: LHB Thomas Dixon 0-0: Called Strike
0-1: Called Strike
0-2: Ball
1-2: Ball
2-2: Ground out 1-3 (Groundball, P)
Batting: RHB James Richardson 0-0: Ball
1-0: Ball
2-0: Ball
3-0: Called Strike
3-1: Fly out, F8 (Flyball, 78M)
Top of the 8th over - 0 runs, 0 hits, 0 errors, 0 left on base; Butler 8 - Intercourse 17
BOTTOM OF THE 8TH
Intercourse Amish batting - Pitching for Butler White Sox : RHP Edgardo Castillo
Pitching: RHP Bartho Manshert
Batting: RHB Bob Carr 0-0: Ball
1-0: Ground out 5-3 (Groundball, 56)
Pitching: RHP Jorge Barrón
Batting: LHB Bruce Foster 0-0: Ball
1-0: Called Strike
1-1: Swinging Strike
1-2: Ball
2-2: Ground out U3 (Groundball, 34)
Batting: LHB Carlos De La Rosa 0-0: Ball
1-0: SOLO HOME RUN (Flyball, 9LD), Distance : 362 ft
Batting: RHB Brian Stewart 0-0: Ball
1-0: Called Strike
1-1: Ball
2-1: Foul Ball, location: 2F
2-2: Ground out 4-3 (Groundball, 4M)
Bottom of the 8th over - 1 run, 1 hit, 0 errors, 0 left on base; Butler 8 - Intercourse 18
TOP OF THE 9TH
Butler White Sox batting - Pitching for Intercourse Amish : RHP Colin Younger
Batting: LHB Gabriel Flores 0-0: Ball
1-0: Foul Ball, location: 2F
1-1: Swinging Strike
1-2: Ball
2-2: Fly out, F7 (Flyball, 7LS)
Batting: RHB Ramón Maldonado 0-0: SINGLE (Line Drive, 5D)
Batting: RHB Luis Fuentes 0-0: Ball
1-0: Swinging Strike
1-1: Ball
2-1: Fly out, F9 (Flyball, 89D)
Batting: LHB Josh Pérez 0-0: Ball
1-0: Ball
2-0: Foul Ball, location: 2F
2-1: Foul Ball, location: 2F
2-2: Strikes out swinging
Top of the 9th over - 0 runs, 1 hit, 0 errors, 1 left on base; Butler 8 - Intercourse 18
Saturday, April 7th, 2018 - OOTP Baseball 18.8 Build 76